 Dungeon Crawl Stone Soup version 0.31-a0-920-g28cbb04a8c (webtiles) character file.

Game seed: 14228329345743088140

72 kae the Vexing (level 4, -3/33 HPs)
             Began as a Demonspawn Enchanter on Oct 17, 2023.
             Succumbed to a kobold's poison
             ... on level 3 of the Dungeon.
             The game lasted 00:02:00 (1953 turns).

kae the Vexing (Demonspawn Enchanter)               Turns: 1953, Time: 00:02:01

Health: -3/33      AC: 15    Str:  8    XL:     4   Next: 6%
Magic:  7/7        EV:  4    Int: 19    God:
Gold:   173        SH:  0    Dex: 13    Spells: 5/7 levels left

rFire   . . .        a - +1 dagger
rCold   . . .        (no shield)
rNeg    . . .        e - +6 chain mail of Least Resistance {Harm Drain Slay+5}
rPois   .            (no helmet)
rElec   .            (no cloak)
rCorr   .            p - +0 pair of gloves
SInv    .            (no boots)
Will    +....        (no amulet) Stlth
                     (no ring)
HPRegen 0.25/turn    (no ring)
MPRegen 0.10/turn

%: harm (+30% outgoing, +20% incoming)
@: lethally poisoned (-3 -> -33), attractive
A: demonic guardian 1, weakness stinger 1, fangs 1, strong-willed 1, robust 1
a: no special abilities


You were on level 3 of the Dungeon.
You visited 1 branch of the dungeon, and saw 3 of its levels.

You collected 173 gold pieces.


Innate Abilities, Weirdness & Mutations

A weak demonic guardian rushes to your aid.
You have a small tail.
You have very sharp teeth.
You are strong-willed. (Will+)
You are robust. (+10% HP)


   Skills:
 * Level 2.0 Short Blades
 * Level 0.5 Armour
 - Level 1.7 Dodging
 + Level 3.1 Stealth
 + Level 2.3 Spellcasting
 * Level 3.5 Hexes
 + Level 0.7 Ice Magic


You had 5 spell levels left.
You knew the following spells:

 Your Spells              Type           Power      Damage    Failure   Level
a - Ensorcelled Hibernat  Hex/Ice        20%        N/A       100%        2

Your spell library contained the following spells:

 Spells                   Type           Power      Damage    Failure   Level
 Sublimation of Blood     Necr           2%         N/A       100%        2
 Wereblood                Tmut           2%         N/A       100%        2
 Confusing Touch          Hex            15%        N/A       100%        3
 Dazzling Flash           Conj/Hex       18%        N/A       100%        3
 Tukima's Dance           Hex            15%        N/A       100%        3
 Summon Hydra             Summ           1%         N/A       100%        7

Inventory:

Hand Weapons
 a - a +1 dagger (weapon)
Missiles
 f - 15 stones
Armour
 b - a +0 robe
 e - the +6 chain mail of Least Resistance (worn) {Harm Drain Slay+5}
   (You found it on level 2 of the Dungeon)

   Slay+5:    It affects your accuracy & damage with ranged weapons and melee
   (+5).
   Drain:     It drains your maximum health when unequipped.
   Harm:      It increases damage dealt and taken.
 p - a +0 pair of gloves (worn)
   (You found it on level 2 of the Dungeon)
Magical Staves
 n - a staff of fire {!a}
   (You found it on level 2 of the Dungeon)
Scrolls
 k - a scroll of enchant armour {unknown}
 l - a scroll of poison {unknown}
 m - a scroll of identify {@r1}
 o - a scroll of enchant weapon {unknown}
Potions
 c - 2 potions of invisibility
 g - 4 potions of enlightenment
 h - a potion of brilliance {unknown}
 j - a potion of curing {unknown}

Dungeon Overview and Level Annotations

Branches:
Dungeon (3/15) Zot: 16056

Altars:

Shops:
D:2 *

Annotations:
D:2 2 transporters

........# .......!.#
.........# .........#
.........###### #
..............## .#
..........โ€ ....#
#.#.##
......b........###....#
.?.....@........##.#..#
......K.........#.....#
.....ยง...####.....#...#
.........# #.#...#...#
.........# #.#.......#
.........# ##.##...<..+
.........# #..........#
.........# #.....#.#..#
#...###....#


You could see a bat and a kobold.


Message History

No target in view!
Search for what [? for help]? armor
There is an open door here.
You see here a +0 dagger.
You see here a +0 pair of gloves.
p - a +0 pair of gloves You start putting on your armour.
You continue putting on your +0 pair of gloves. x4
You finish putting on your +0 pair of gloves.
There is an open door here.
You see here a +0 dagger.
There is a stone staircase leading down here.
You climb downwards.
The goblin shouts!
There is a stone staircase leading up here.
A goblin is nearby!
Okay, then.
Unknown command.
A goblin is nearby!
Found a stone staircase leading down.
A goblin is nearby!
You hit the goblin.
You kill the goblin!
You see here a +2 dagger of flaming.
No target in view!
No target in view!
g - 4 potions of enlightenment (gained 1)
Found a stone staircase leading up.
f - 15 stones (gained 3) Key pressed, stopping explore.
No target in view!
No target in view!
You now have 173 gold pieces (gained 7).
You see here a +0 ring mail.
You see here a +0 ring mail.
Key pressed, stopping explore.
No target in view!
No target in view!
An adder comes into view.
The adder hisses angrily.
A quokka comes into view.
A bat comes into view.
There are monsters nearby!
You miss the adder. The bat hits you but does no damage.
The adder bites you but does no damage.
You miss the adder. The bat hits you. The adder barely misses you.
The bat barely misses you. ๐Ÿ˜• HP[-1]
You take 1 damage, and now have 23/24 hp.
There are monsters nearby!
You puncture the adder!
You kill the adder!
The bat hits you but does no damage.
Your Short Blades skill increases to level 2!
You have reached level 4!
You feel clever. ๐Ÿ˜Ž HP[+7] MP[+1]
You now have 30 max hp (+6).
Your hp is fully restored (30).
Your mp is fully restored (7).
You hit the quokka but do no damage. The bat barely misses you.
The quokka bites you but does no damage.
You hit the quokka. You tail-slap the quokka.
You kill the quokka!
The bat hits you but does no damage.
You hit the bat. The bat hits you but does no damage.
The bat hits you but does no damage.
A kobold comes into view.
It is wielding a +0 short sword and quivering poisoned darts.
The bat hits you but does no damage.
The kobold throws a poisoned dart.
The poisoned dart hits you!
You are poisoned.
You miss the bat.
You feel very sick. The bat hits you. ๐Ÿ˜• HP[-6]
You take 6 damage, and now have 24/30 hp.
You feel very sick. The bat hits you but does no damage.
The kobold throws a poisoned dart.
The poisoned dart hits you!
You are lethally poisoned!
You are too injured to fight recklessly! ๐Ÿ˜ฎ HP[-4]
You take 4 damage, and now have 20/30 hp.
* * * LOW HITPOINT WARNING * * *
You feel extremely sick. The bat barely misses you.
The kobold throws a poisoned dart.
The poisoned dart hits you!
You are more poisoned. ๐Ÿ˜จ HP[-9]
You take 9 damage, and now have 11/30 hp.
MASSIVE DAMAGE!! (PAUSE) It was a potion of attraction.
You feel attractive to monsters.
* * * LOW HITPOINT WARNING * * *
You feel extremely sick. The bat hits you but does no damage.
The kobold is attracted toward you. ๐Ÿ˜ฑ HP[-8]
You take 8 damage, and now have 3/30 hp.
MASSIVE DAMAGE!! (PAUSE) It was a potion of mutation.
You feel extremely strange.
You feel strong-willed.
You feel robust.
Your teeth lengthen and sharpen.
You die...

Skill      XL: |  1  2  3 |
---------------+----------+-----
Short Blades   | 1 2 |  2.0
Stealth        | 3 |  3.1
Armour         | |  0.5
Dodging        | |  1.7
Spellcasting   | |  2.3
Hexes          | |  3.5
Ice Magic      | |  0.7

Action                     |  1- 3 |  4- 6 || total
---------------------------+-------+-------++-------
  Melee: Dagger            |   113 |     4 ||   117
         Tailslap          |     8 |     1 ||     9
   Cast: Ensorcelled Hiber |     5 |       ||     5
    Use: Scroll            |     1 |       ||     1
         Potion            |       |     2 ||     2
   Stab: Sleeping          |     5 |       ||     5
         Distracted        |     1 |       ||     1
 Armour: Robe              |    40 |       ||    40
         Chain mail        |    50 |     8 ||    58
  Dodge: Dodged            |    78 |     2 ||    80

Levels and vault maps discovered:
D:1:      kb_arrival_jail, layout_basic,
          dreamdust_ecumenical_altar_sealed_demon,
          corexii_item_surrounded_by_moat, minmay_close_crescents
D:2:      layout_basic, serial_shops, nicolae_shop_drivethru,
          minmay_goblin_kobold_house
D:3:      layout_basic

Notes
Turn   | Place    | Note
-------+----------+-------------------------------------------
     0 | D:1      | kae the Demonspawn Enchanter began the quest for the Orb.
     0 | D:1      | Reached XP level 1. HP: 13/13 MP: 3/3
     0 | D:1      | magus.rc [v1.11.3]
     2 | D:1      | Noticed a troll
     2 | D:1      | Noticed a formicid
     4 | D:1      | Noticed a merfolk
     4 | D:1      | Noticed a human
     6 | D:1      | Noticed a spriggan
     8 | D:1      | Noticed a minotaur
     8 | D:1      | Noticed an armataur
    10 | D:1      | Noticed a demonspawn
    10 | D:1      | Noticed a meteoran
    12 | D:1      | Noticed a gargoyle
    12 | D:1      | Noticed a draconian
    14 | D:1      | Noticed a naga
    16 | D:1      | Noticed a felid
    18 | D:1      | Noticed a ghoul
    18 | D:1      | Noticed an octopode
    20 | D:1      | Noticed a demigod
    20 | D:1      | Noticed an ogre
    22 | D:1      | Noticed a vampire
    22 | D:1      | Noticed a tengu
    24 | D:1      | Noticed a demigod
    24 | D:1      | Noticed a vine stalker
    26 | D:1      | Noticed a draconian
    26 | D:1      | Noticed a vampire
    74 | D:1      | Reached skill level 1 in Short Blades
   179 | D:1      | Gained mutation: You have a small tail. [demonic ancestry]
   179 | D:1      | Reached XP level 2. HP: 19/19 MP: 5/5
   182 | D:1      | Learned a level 2 spell: Ensorcelled Hibernation
   389 | D:1      | Found a faded altar of an unknown god.
   737 | D:1      | You pick up a book of Blood and begin reading...
   737 | D:1      | You add the spells Sublimation of Blood, Wereblood and
                  | Summon Hydra to your library.
  1059 | D:2      | Gained mutation: A weak demonic guardian rushes to your
                  | aid. [demonic ancestry]
  1059 | D:2      | Reached XP level 3. HP: 23/24 MP: 6/6
  1086 | D:2      | Identified the +6 chain mail of Least Resistance {Harm
                  | Drain Slay+5}
  1113 | D:2      | Identified the +7 trident of Dissent {flame, Will++}
  1131 | D:2      | Reached skill level 3 in Stealth
  1190 | D:2      | Found a transporter.
  1267 | D:2      | Found a transporter.
  1346 | D:2      | Found Irukluh's Assorted Antiques.
  1944 | D:3      | Reached skill level 2 in Short Blades
  1944 | D:3      | Reached XP level 4. HP: 30/30 MP: 7/7
  1952 | D:3      | HP: 3/30 [poisoned by a kobold]
  1953 | D:3      | Gained mutation: You are strong-willed. (Will+) [potion of
                  | mutation]
  1953 | D:3      | Gained mutation: You are robust. (+10% HP) [potion of
                  | mutation]
  1953 | D:3      | Gained mutation: You have very sharp teeth. [potion of
                  | mutation]
  1953 | D:3      | Succumbed to a kobold's poison

Vanquished Creatures
  2 adders
  2 dart slugs (D:1)
  3 endoplasms
  2 giant cockroaches (D:1)
  6 goblins
  A hobgoblin (D:1)
  2 jackals (D:2)
  2 kobolds (D:1)
  2 quokkas
  4 ball pythons (D:1)
  6 bats
  4 frilled lizards
  2 rats (D:1)
38 creatures vanquished.

Vanquished Creatures (collateral kills)
  An adder (D:2)
  A kobold (D:2)
2 creatures vanquished.

Grand Total: 40 creatures vanquished

Table legend:
 A = Non-vault XP
 B = Vault XP
 C = Vault XP percentage of total XP
 D = Non-vault monster count
 E = Vault monster count
 F = Vault count percentage of total count
                 A         B        C        D         E       F
            +---------+---------+-------+---------+---------+-------
      Total |      93 |      10 |   9.7 |      34 |       6 |  15.0
            +---------+---------+-------+---------+---------+-------
        D:1 |      35 |       4 |  10.3 |      20 |       3 |  13.0
        D:2 |      41 |       6 |  12.8 |      11 |       3 |  21.4
        D:3 |      17 |       0 |   0.0 |       3 |       0 |   0.0
            +---------+---------+-------+---------+---------+-------

Skill      XL: |  1  2  3 |
---------------+----------+-----
Short Blades   | 1 2 |  2.0
Stealth        | 3 |  3.1
Armour         | |  0.5
Dodging        | |  1.7
Spellcasting   | |  2.3
Hexes          | |  3.5
Ice Magic      | |  0.7

Action                     |  1- 3 |  4- 6 || total
---------------------------+-------+-------++-------
  Melee: Dagger            |   113 |     4 ||   117
         Tailslap          |     8 |     1 ||     9
   Cast: Ensorcelled Hiber |     5 |       ||     5
    Use: Scroll            |     1 |       ||     1
         Potion            |       |     2 ||     2
   Stab: Sleeping          |     5 |       ||     5
         Distracted        |     1 |       ||     1
 Armour: Robe              |    40 |       ||    40
         Chain mail        |    50 |     8 ||    58
  Dodge: Dodged            |    78 |     2 ||    80

Illustrated notes

Table legend:
 A = Kills in this place as a percentage of kills in the entire game.
 B = Kills by you in this place as a percentage of kills by you in the entire game.
 C = Kills by friends in this place as a percentage of kills by friends in the entire game.
 D = Other kills in this place as a percentage of other kills in the entire game.
 E = Experience gained in this place as a percentage of experience gained in the entire game.
 F = Experience gained in this place divided by the number of levels of this place that you have seen.
                   A       B       C       D       E      F
               +-------+-------+-------+-------+-------+----------------------
         Total | 100.0 | 100.0 | 100.0 |   N/A | 100.0 |  34.3
       Dungeon | 100.0 | 100.0 | 100.0 |   N/A | 100.0 |  34.3
               +-------+-------+-------+-------+-------+----------------------

Table legend: (Time is in decaauts)
 A = Elapsed time spent in this place.
 B = Non-inter-level travel time spent in this place.
 C = Inter-level travel time spent in this place.
 D = Time resting spent in this place.
 E = Time spent auto-exploring this place.
 F = Levels seen in this place.
 G = Mean time per level.
                   A        B        C        D        E       F      G
               +--------+--------+--------+--------+--------+-----+--------+
         Total |   1943 |   1874 |     69 |     33 |   1546 |   3 |  647.7 |
       Dungeon |   1943 |   1874 |     69 |     33 |   1546 |   3 |  647.7 |
               +--------+--------+--------+--------+--------+-----+--------+

Top non-repeatable levels by time:
     D:1: 1043 daAuts
     D:2: 817 daAuts
     D:3: 83 daAuts
